 Dungeon Crawl Stone Soup version 0.27.1-33-g824d729ab1 (webtiles) character file.

Game seed: 6175157495560108465

2 Descartes the Magician (level 1, 0/11 HPs)
             Began as a Spriggan Wanderer on Dec 14, 2021.
             Slain by a kobold (1 damage)
             ... on level 1 of the Dungeon.
             The game lasted 00:01:22 (87 turns).

Descartes the Magician (Spriggan Wanderer)            Turns: 87, Time: 00:01:22

Health: 0/11       AC:  3    Str:  7    XL:     1   Next: 33%
Magic:  5/5        EV: 15    Int: 14    God:
Gold:   0          SH:  0    Dex: 14    Spells: 3/5 levels left

rFire    . . .     SeeInvis +   a - +0 dagger
rCold    . . .     Faith    .   (shield restricted)
rNeg     . . .     Spirit   .   c - +0 robe
rPois    .         Reflect  .   (helmet restricted)
rElec    .         Harm     .   d - +0 cloak
rCorr    .         Rampage  .   (gloves unavailable)
Will     .....                  (boots unavailable)
Stlth    ++........             (no amulet)
HPRegen  0.03/turn              (no ring)
MPRegen  0.09/turn              (no ring)

@: hasted, very quick
A: very small, no large weapons, unfitting armour, see invisible, speed 3
a: no special abilities


You were on level 1 of the Dungeon.
You visited 1 branch of the dungeon, and saw 1 of its levels.

Inventory:

Hand Weapons
 a - a +0 dagger (weapon)
Missiles
 b - 13 poisoned darts (quivered)
Armour
 c - a +0 robe (worn)
 d - a +0 cloak (worn)
Scrolls
 e - a scroll of identify {unknown}


   Skills:
 + Level 2.4 Fighting
 + Level 0.0 Short Blades
 + Level 0.1(0.6) Slings
 - Level 1.0 Throwing
 + Level 0.1 Dodging
 + Level 1.6 Stealth
 + Level 2.7 Spellcasting
 + Level 0.1 Translocations
 * Level 2.4 Ice Magic


You had 3 spell levels left.
You knew the following spells:

 Your Spells              Type           Power      Damage    Failure   Level
a - Freeze                Ice            32%        1d5       9%          1
b - Apportation           Tloc           4%         N/A       21%         1

Your spell library contained the following spells:

 Spells                   Type           Power      Damage    Failure   Level
 Frozen Ramparts          Ice            16%        1d3       24%         3
 Ozocubu's Armour         Ice            8%         N/A       24%         3
 Portal Projectile        Hex/Tloc       4%         N/A       54%         3
 Hailstorm                Conj/Ice       5%         3d4       80%         4


Dungeon Overview and Level Annotations

Branches:
Dungeon (1/15)

Altars:


Innate Abilities, Weirdness & Mutations

You are very small and have problems with some larger weapons.
You are too small for most types of armour.
You have supernaturally acute eyesight. (SInv)
You cover ground extremely quickly. (Speed+++)


Message History

The kobold is moderately wounded.
The kobold misses you.
You closely miss the kobold.
The kobold is moderately wounded.
The kobold hits you but does no damage.
You closely miss the kobold.
The kobold is moderately wounded.
The kobold hits you with a +0 dagger.
* * * LOW HITPOINT WARNING * * *
You hit the kobold but do no damage.
The kobold is moderately wounded.
The kobold barely misses you.
You hit the kobold but do no damage.
The kobold is moderately wounded.
The kobold hits you with a +0 dagger.
* * * LOW HITPOINT WARNING * * *
You closely miss the kobold.
The kobold is moderately wounded.
The kobold misses you.
You closely miss the kobold.
The kobold is moderately wounded.
The kobold completely misses you.
It was a potion of haste.
You feel yourself speed up. The kobold misses you.
You barely miss the kobold.
The kobold is moderately wounded.
The kobold closely misses you.
You closely miss the kobold.
The kobold is moderately wounded.
You barely miss the kobold.
The kobold is moderately wounded.
The kobold hits you but does no damage.
You hit the kobold but do no damage.
The kobold is moderately wounded.
The kobold barely misses you.
You barely miss the kobold.
The kobold is moderately wounded.
You hit the kobold.
The kobold is severely wounded.
The kobold hits you with a +0 dagger.
You die...

#...$....###..#
#........# ##.#
#........####.####
#...)....#.......#
#^...†...#.##..###
#........#.#..#..#
#........#.#.....#
#.##........#.###.###
#...@##+#####.......#
####K# ##.#'##.# .b#
##.#..#.# ##.#
#..#..#.# #..
#.#####.# #..
#.......# #..
##......# #...
###'#### #...#


You could see a bat and a kobold.

Vanquished Creatures
  A goblin (D:1)
  2 frilled lizards (D:1)
3 creatures vanquished.

Notes
Turn   | Place    | Note
-------+----------+-------------------------------------------
     0 | D:1      | Descartes the Spriggan Wanderer began the quest for the
                  | Orb.
     0 | D:1      | Descartes set off with the following items: a +0 dagger, 13
                  | poisoned darts, a +0 robe; and the following spells
                  | available to memorise: Freeze, Apportation, Frozen
                  | Ramparts, Ozocubu's Armour, Portal Projectile, Hailstorm
     0 | D:1      | Reached XP level 1. HP: 11/11 MP: 5/5
     2 | D:1      | Learned a level 1 spell: Freeze
     4 | D:1      | Learned a level 1 spell: Apportation
    87 | D:1      | Slain by a kobold

Illustrated notes

Levels and vault maps discovered:
D:1:      dpeg_arrival_erosion, layout_basic, minmay_cut_off

Action                   || total
-------------------------++-------
Melee: Dagger            ||    21
  Use: Potion            ||     1
 Stab: Sleeping          ||     1
Armor: Robe              ||     4
Dodge: Dodged            ||    15
